 Dungeon Crawl Stone Soup version 0.28.0 (webtiles) character file.

Game seed: 13004876286998112649

105 raph the Slasher (level 4, -5/39 HPs)
             Began as a Minotaur Fighter on Feb 10, 2022.
             Was a Follower of Wu Jian.
             Killed by divine providence
             ... invoked by an orc priest
              (13 damage)
             ... on level 3 of the Dungeon.
             The game lasted 00:02:28 (1852 turns).

raph the Slasher (Minotaur Fighter)                 Turns: 1852, Time: 00:02:29

Health: -5/39      AC:  9    Str: 20    XL:     4   Next: 54%
Magic:  3/3        EV:  7    Int:  5    God:    Wu Jian [*.....]
Gold:   81         SH:  4    Dex: 12    Spells: 3/3 levels left

rFire   . . .      SeeInvis .   a - +1 long sword
rCold   . . .      Faith    .   c - +0 buckler
rNeg    . . .      Spirit   .   k - +0 chain mail
rPois   .          Reflect  .   (helmet restricted)
rElec   .          Harm     .   (no cloak)
rCorr   .          Rampage  .   (no gloves)
Will    .....                   (no boots)
Stlth   ..........              (no amulet)
HPRegen 0.13/turn               (no ring)
MPRegen 0.08/turn               (no ring)

@: no status effects
A: horns 2, retaliatory headbutt
a: Renounce Religion


You were on level 3 of the Dungeon.
You worshipped Wu Jian.
Wu Jian was aware of your devotion.
You visited 1 branch of the dungeon, and saw 3 of its levels.

You collected 81 gold pieces.

Inventory:

Hand Weapons
 a - a +1 long sword (weapon)
Missiles
 i - 8 poisoned darts (quivered)
Armour
 b - a +0 scale mail
 c - a +0 buckler (worn)
 k - a +0 chain mail (worn)
 l - an orb of light
Jewellery
 f - a ring of ice
 j - a ring of resist corrosion
Potions
 d - 2 potions of might
 e - 3 potions of curing {unknown}
 g - a potion of lignification {unknown}
 h - a potion of ambrosia {unknown}


   Skills:
 - Level 3.6 Fighting
 + Level 5.9 Long Blades
 - Level 3.6 Armour
 - Level 3.6 Shields


You had 3 spell levels left.
You didn't know any spells.
Your spell library was empty.

Dungeon Overview and Level Annotations

Branches:
Dungeon (3/15)

Altars:
Wu Jian


Innate Abilities, Weirdness & Mutations

You have a pair of horns on your head.
You reflexively headbutt those who attack you in melee.


Message History

You hit the kobold.
You kill the kobold!
The Council accepts your kill.
An orc priest comes into view. It is wielding a +0 dagger.
You lunge at the orc wizard.
The orc priest shouts!
You hit the orc wizard.
The orc wizard is moderately wounded.
You hear a shout!
The orc priest mumbles some strange prayers to Beogh against you.
Beogh smites you!
You hit the orc wizard.
The orc wizard is heavily wounded.
The orc wizard casts a spell at you. You resist with some effort.
The orc priest mumbles some strange prayers to Beogh against you.
Beogh smites you!
A kobold comes into view. It is wielding a +0 club.
You hear a shout!
You are too injured to fight recklessly!
You are too injured to fight recklessly!
You are too injured to fight recklessly!
You are too injured to fight recklessly!
You are too injured to fight recklessly!
You are too injured to fight recklessly!
You are too injured to fight recklessly!
You hit the orc wizard.
The orc wizard is severely wounded.
The orc wizard barely misses you. You furiously retaliate!
You headbutt the orc wizard. You slash the orc wizard!
You kill the orc wizard!
The Council accepts your kill.
The orc wizard hits you with a +0 dagger.
A hobgoblin comes into view.
The orc priest hits you with a +0 flail.
* * * LOW HITPOINT WARNING * * *
The orc priest mumbles some strange prayers to Beogh against you.
Beogh smites you!
You die...

...........^##
.............#
.............#
...<.........#
.............#
.............##
.......o......######...
....Ko.@.............#.#
......o)...#.#### #....
##g########.....# #...
#.....# #...
#.....#####...
#...........##
######.#.##### ####
###.#.##### ...
#.....##...


You could see 2 orc priests, an orc wizard, a hobgoblin and a kobold.

Vanquished Creatures
  A bullfrog skeleton (D:3)
  An orc wizard (D:3)
  2 adders
  A worm (D:2)
  An orc (D:3)
  4 endoplasms
  6 goblins
  6 hobgoblins
  3 jackals (D:2)
  6 kobolds
  4 quokkas
  8 ball pythons
  3 bats
  A frilled lizard (D:1)
  7 rats
54 creatures vanquished.

Notes
Turn   | Place    | Note
-------+----------+-------------------------------------------
     0 | D:1      | raph the Minotaur Fighter began the quest for the Orb.
     0 | D:1      | Reached XP level 1. HP: 19/19 MP: 0/0
    64 | D:1      | Reached skill level 3 in Long Blades
   143 | D:1      | Reached XP level 2. HP: 26/26 MP: 1/1
   319 | D:1      | Reached skill level 4 in Long Blades
   764 | D:2      | Reached XP level 3. HP: 30/31 MP: 2/2
  1109 | D:2      | Reached skill level 5 in Long Blades
  1226 | D:2      | Identified the +3 short sword "Veituqua" {drain, Fragile
                  | rC+ rCorr Str+3}
  1637 | D:3      | Reached XP level 4. HP: 35/39 MP: 3/3
  1706 | D:3      | Found a faded altar of an unknown god.
  1788 | D:3      | Prayed at the altar of an unknown god.
  1788 | D:3      | Became a worshipper of the Wu Jian Council
  1788 | D:3      | Reached * piety under Wu Jian
  1852 | D:3      | Killed from afar by an orc priest

Illustrated notes

Levels and vault maps discovered:
D:1:      eino_arrival_water_cross, layout_basic
D:2:      layout_basic
D:3:      layout_rooms, hellmonk_ecumenical_altar_arch_garden

Skill      XL: |  1  2  3 |
---------------+----------+-----
Long Blades    | 3 4 5 |  5.9
Fighting       | |  3.6
Armour         | |  3.6
Shields        | |  3.6

Action                   |  1- 3 |  4- 6 || total
-------------------------+-------+-------++-------
Melee: Long sword        |    79 |    16 ||    95
       Headbutt          |    16 |     2 ||    18
Invok: Lunge             |       |     1 ||     1
  Use: Scroll            |     2 |       ||     2
Armor: Scale mail        |    23 |       ||    23
       Chain mail        |     6 |     9 ||    15
Dodge: Dodged            |    30 |     8 ||    38
Block: Buckler           |    14 |     5 ||    19
